 Dungeon Crawl Stone Soup version 0.31-a0-875-g02e7d12df6 (webtiles) character file.

Game seed: 10743067167476658365

30 Aneyh the Poker (level 3, -2/24 HPs)
             Began as a Tengu Monk on Oct 12, 2023.
             Slain by a centaur (3 damage)
             ... on level 4 of the Dungeon.
             The game lasted 00:02:48 (973 turns).

Aneyh the Poker (Tengu Monk)                         Turns: 973, Time: 00:02:48

Health: -2/24      AC:  2    Str: 13    XL:     3   Next: 18%
Magic:  4/4        EV: 13    Int: 10    God:
Gold:   27         SH:  0    Dex: 16    Spells: 2/2 levels left

rFire   . . .        a - +0 spear
rCold   . . .        (no shield)
rNeg    . . .        e - +0 robe
rPois   .            (helmet restricted)
rElec   .            (no cloak)
rCorr   .            (no gloves)
SInv    .            (boots unavailable)
Will    .....        (no amulet)
Stlth   +            (no ring)
HPRegen 0.24/turn    (no ring)
MPRegen 0.09/turn

%: acrobat
@: no status effects
A: beak, talons 3, acrobatic
a: no special abilities


You were on level 4 of the Dungeon.
You visited 1 branch of the dungeon, and saw 3 of its levels.

You collected 27 gold pieces.

Inventory:

Hand Weapons
 a - a +0 spear (weapon)
 b - a +0 vampiric dagger
Armour
 d - an orb of light
 e - a +0 robe (worn)
Scrolls
 f - a scroll of summoning {unknown}
 i - a scroll of fog {unknown}
 j - a scroll of identify {unknown}
 m - a scroll of revelation {unknown}
Potions
 g - a potion of brilliance {unknown}
 h - 2 potions of attraction {unknown}
 k - 2 potions of mutation {unknown}
 l - a potion of curing {unknown}


   Skills:
 * Level 3.8 Fighting
 + Level 3.8 Polearms
 - Level 3.2 Dodging
 * Level 0.1 Summonings


You had 2 spell levels left.
You didn't know any spells.
Your spell library contained the following spells:

 Spells                   Type           Power      Damage    Failure   Level
 Lesser Beckoning         Tloc           0%         N/A       50%         2
 Gell's Gravitas          Tloc           0%         N/A       75%         3
 Hailstorm                Conj/Ice       0%         3d3       75%         3
 Summon Guardian Golem    Hex/Summ       0%         N/A       75%         3
 Teleport Other           Tloc           0%         N/A       75%         3
 Summon Ice Beast         Ice/Summ       0%         N/A       98%         4
 Simulacrum               Ice/Necr       0%         N/A       100%        6
 Orb of Destruction       Conj           0%         9d5       100%        7
 Spellforged Servitor     Conj/Summ      0%         N/A       100%        7


Dungeon Overview and Level Annotations

Branches:
Dungeon (2/15)

Altars:


Innate Abilities, Weirdness & Mutations

You have a beak for a mouth.
You have claws for feet.
You can magically evade attacks while moving or waiting.


Message History

The centaur hits you but does no damage.
The centaur completely misses you.
You hit the centaur. You peck the centaur.
The centaur is moderately wounded.
The centaur hits you but does no damage.
The centaur closely misses you.
You hit the centaur. You claw the centaur.
The centaur is heavily wounded.
The centaur hits you. The centaur kicks you. The centaur hits you.
The centaur kicks you but does no damage.
You closely miss the centaur. You peck the centaur, but do no damage.
The centaur is heavily wounded.
The centaur barely misses you. The centaur kicks you.
You hit the centaur but do no damage.
The centaur is heavily wounded.
The centaur closely misses you. x2
You closely miss the centaur.
The centaur is heavily wounded.
The centaur hits you. The centaur misses you.
You hit the centaur. You claw the centaur, but do no damage.
You peck the centaur.
The centaur is severely wounded.
The centaur hits you.
* * * LOW HITPOINT WARNING * * *
The centaur kicks you.
* * * LOW HITPOINT WARNING * * *
The centaur misses you. The centaur kicks you.
* * * LOW HITPOINT WARNING * * *
You hit the centaur.
The centaur is almost dead.
The centaur hits you.
* * * LOW HITPOINT WARNING * * *
The centaur kicks you.
* * * LOW HITPOINT WARNING * * *
You hit the centaur.
The centaur is almost dead.
The centaur hits you.
* * * LOW HITPOINT WARNING * * *
The centaur kicks you.
You die...

#### ### ##..####
####$.##
#....#.###.#....##.
#.......)...#......
###........@c......
#...........).#>.
##....#.......#
##.#............
###...........#
...#........?.
##..####.#..... ...
.......


You could see a centaur.

Vanquished Creatures
  An orc (D:4)
  3 endoplasms (D:1)
  2 giant cockroaches
  2 goblins (D:1)
  A hobgoblin (D:1)
  2 jackals (D:1)
  4 ball pythons
  3 bats
  2 frilled lizards (D:1)
  5 kobolds (D:1)
  2 rats
27 creatures vanquished.

Notes
Turn   | Place    | Note
-------+----------+-------------------------------------------
     0 | D:1      | Aneyh the Tengu Monk began the quest for the Orb.
     0 | D:1      | Reached XP level 1. HP: 14/14 MP: 2/2
   109 | D:1      | Reached XP level 2. HP: 13/19 MP: 3/3
   811 | D:2      | Reached XP level 3. HP: 24/24 MP: 4/4
   948 | D:2      | You fall into a shaft and drop 2 floors!
   954 | D:4      | Noticed a centaur
   973 | D:4      | HP: 1/24 [centaur (1)]
   973 | D:4      | Slain by a centaur

Illustrated notes

Levels and vault maps discovered:
D:1:      grunt_arrival_crossed_arrows, layout_rooms, minmay_misc_feat_alley,
          nicolae_houndstooth_variations
D:2:      layout_basic, ebering_ecumenical_altar_box, uniq_sigmund
D:4:      layout_cave_pools

Action                     || total
---------------------------++-------
  Melee: Dagger            ||    13
         Spear             ||    64
         Kick              ||    16
         Peck              ||     8
         Punch             ||     1
    Use: Scroll            ||     2
         Potion            ||     1
   Stab: Distracted        ||     1
         Sleeping          ||     1
 Armour: Robe              ||    43
  Dodge: Dodged            ||    60

Table legend: (Time is in decaauts)
 A = Elapsed time spent in this place.
 B = Non-inter-level travel time spent in this place.
 C = Inter-level travel time spent in this place.
 D = Time resting spent in this place.
 E = Time spent auto-exploring this place.
 F = Levels seen in this place.
 G = Mean time per level.
                   A        B        C        D        E       F      G
               +--------+--------+--------+--------+--------+-----+--------+
         Total |    962 |    950 |     12 |    183 |    579 |   3 |  320.7 |
       Dungeon |    962 |    950 |     12 |    183 |    579 |   3 |  320.7 |
               +--------+--------+--------+--------+--------+-----+--------+

Top non-repeatable levels by time:
     D:1: 797 daAuts
     D:2: 141 daAuts
     D:4: 23 daAuts
